 Dungeon Crawl Stone Soup version 0.30-a0-605-gb2882149bf (webtiles) character file.

Game seed: 16124909910892448409

842 NinjaNoafa the Digger (level 8, 0/58 HPs)
             Began as a Gnoll Earth Elementalist on Jan 8, 2023.
             Slain by a gnoll
             ... wielding a +0 heavy halberd
              (19 damage)
             ... on level 5 of the Dungeon.
             The game lasted 00:10:59 (4231 turns).

NinjaNoafa the Digger (Gnoll Earth Elementalist)    Turns: 4231, Time: 00:10:59

Health: 0/58       AC:  4    Str:  9    XL:     8   Next: 0%
Magic:  6/16       EV: 13    Int: 16    God:
Gold:   258        SH:  0    Dex:  9    Spells: 9/18 levels left

rFire   + + .      SeeInvis .    u - +7 dagger of Instinct {heavy, Fly rF++ rCorr Dex-3}
rCold   . . .      Faith    .    (no shield)
rNeg    + . .      Spirit   .    a - +0 robe
rPois   +          Reflect  .    y - +0 helmet
rElec   .          Harm     .    v - scarf {+Inv}
rCorr   +          Rampage  .    r - +0 pair of gloves
Will    .....                    (no boots)
Stlth   +++                      (no amulet)
HPRegen 0.29/turn                g - ring of positive energy
MPRegen 0.15/turn                x - ring of poison resistance

@: flying
A: fangs 1, strong nose, distributed training
a: Evoke Invisibility


You were on level 5 of the Dungeon.
You visited 2 branches of the dungeon, and saw 6 of its levels.
You also visited: Sewer.

You collected 258 gold pieces.

Inventory:

Hand Weapons
 u - the +7 dagger of Instinct (weapon) {heavy, Fly rF++ rCorr Dex-3}
   (You found it on level 3 of the Dungeon)

   Dex:       It affects your dexterity (-3).
   rF:        It greatly protects you from fire.
   Fly:       It grants you flight.
   rCorr:     It protects you from acid and corrosion.
Missiles
 d - 2 boomerangs
 o - 9 poisoned darts
 p - a throwing net
Armour
 a - a +0 robe (worn)
 r - a +0 pair of gloves (worn)
 v - a scarf of invisibility (worn)
 y - a +0 helmet (worn)
Magical Staves
 A - a staff of death
Jewellery
 g - a ring of positive energy (left hand)
 x - a ring of poison resistance (right hand)
Scrolls
 c - a scroll of poison {unknown}
 f - 2 scrolls of teleportation {unknown}
 i - 2 scrolls of blinking
 l - a scroll of enchant weapon {unknown}
 m - 11 scrolls of identify {unknown}
 t - a scroll of fear {unknown}
Potions
 b - 2 potions of magic
 e - 2 potions of ambrosia {unknown}
 h - 2 potions of attraction {unknown}
 j - 2 potions of curing
 k - a potion of lignification {unknown}
 n - a potion of mutation {unknown}
 q - 3 potions of might {unknown}
 s - a potion of haste {unknown}
 w - 2 potions of berserk rage {unknown}
 z - a potion of flight {unknown}


   Skills:
 + Level 3.0 Fighting
 + Level 3.0 Short Blades
 + Level 3.0 Long Blades
 + Level 3.0 Axes
 + Level 3.0 Maces & Flails
 + Level 3.0 Polearms
 + Level 3.0 Staves
 + Level 3.0 Ranged Weapons
 + Level 3.0 Throwing
 + Level 3.0 Armour
 + Level 5.5 Dodging
 + Level 5.2 Stealth
 + Level 3.0 Shields
 + Level 3.0 Unarmed Combat
 + Level 5.8 Spellcasting
 + Level 2.4 Conjurations
 + Level 2.4 Hexes
 + Level 2.4 Summonings
 + Level 2.4 Necromancy
 + Level 2.4 Translocations
 + Level 3.2 Transmutations
 + Level 2.4 Fire Magic
 + Level 2.4 Ice Magic
 + Level 2.4 Air Magic
 + Level 6.0 Earth Magic
 + Level 2.4 Poison Magic
 + Level 3.2 Invocations
 + Level 3.0 Evocations


You had 9 spell levels left.
You knew the following spells:

 Your Spells              Type           Power      Damage    Failure   Level
a - Ensorcelled Hibernat  Hex/Ice        24%        N/A       8%          2
b - Passwall              Tmut/Erth      15%        N/A       3%          2
c - Stone Arrow           Conj/Erth      36%        3d9       8%          3
d - Summon Small Mammal   Summ           48%        N/A       5%          1
e - Sandblast             Erth           48%        2d12      1%          1

Your spell library contained the following spells:

 Spells                   Type           Power      Damage    Failure   Level
 Spider Form              Tmut/Pois      13%        N/A       13%         3
 Call Canine Familiar     Summ           12%        N/A       16%         3
 Kindle Blastsparks       Fire/Tloc/Air  24%        2d12      16%         3
 Summon Guardian Golem    Hex/Summ       12%        N/A       16%         3
 Petrify                  Tmut/Erth      19%        N/A       21%         4
 Lee's Rapid Deconstruct  Erth           12%        3d8*      32%         5
 Anguish                  Hex/Necr       6%         N/A       45%         4
 Fulminant Prism          Conj/Hex       6%         3d7       45%         4
 Iskenderun's Mystic Bla  Conj/Tloc      12%        2d5       45%         4
 Orb of Destruction       Conj           6%         9d6       100%        7
 Spellforged Servitor     Conj/Summ      6%         N/A       100%        7


Dungeon Overview and Level Annotations

Branches:
Dungeon (5/15)             Temple (1/1) D:4           Sewer (visited)

Altars:
Ashenzari
Dithmenos
Elyvilon
Fedhas
Gozag
Hepliaklqana
Kikubaaqudgha
Makhleb
Nemelex Xobeh
Okawaru
Qazlal
Ru
Sif Muna
Trog
Vehumet
Wu Jian
Xom
Yredelemnul
Zin
The Shining One

Shops:
D:4 :


Innate Abilities, Weirdness & Mutations

You have very sharp teeth.
Your uncanny sense of smell can sniff out nearby items.
Your experience applies equally to all skills.


Message History

The blast of sand hits the orc wizard but does no damage.
The orc wizard is heavily wounded.
A gnoll comes into view. It is wielding a +0 club.
The orc wizard hits you with a +0 dagger.
The orc wizard hits you but does no damage.
The orc barely misses you.
The blast of sand hits the orc wizard!
You kill the orc wizard!
The gnoll hits you from afar with a +0 heavy halberd!!
A gnoll comes into view. It is wielding a +0 whip.
The orc hits you with a +0 hand axe!
* * * LOW HITPOINT WARNING * * *
Your Fighting skill increases to level 3!
Your Short Blades skill increases to level 3!
Your Long Blades skill increases to level 3!
Your Axes skill increases to level 3!
Your Maces & Flails skill increases to level 3!
Your Polearms skill increases to level 3!
Your Staves skill increases to level 3!
Your Ranged Weapons skill increases to level 3!
Your Throwing skill increases to level 3!
Your Armour skill increases to level 3!
Your Shields skill increases to level 3!
Your Unarmed Combat skill increases to level 3!
Your Evocations skill increases to level 3!
You have reached level 8!
You feel stronger.
It was a potion of curing.
You feel better.
The sentinel's mark upon you fades away.
The orc misses you. The orc closely misses you. The gnoll misses you.
Casting: Sandblast (safe; 1% risk of failure)
Confirm with . or Enter, or press ? or * to list all spells.
Aiming: Passwall (safe; 3% risk of failure)
Press: ? - help, Dir - move target A rock wall.
The orc barely misses you. The orc hits you with a +0 hand axe.
You begin to meditate on the wall.
You continue meditating on the rock.
The orc barely misses you.
The gnoll hits you from afar with a +0 heavy halberd!!
You die...

#### #....#############
..##......).....<.
#............######.#
#.##.#######)## #.#
#.##o)........# #.#
#.##o##.####..# #.. #.##@##.#
##..#####..
#############.##o##.###..........
...........##..gg........#####...
#######.#.....##g##.###.## #...
#....##.##.##.###.######).#
##.#.##...........#........
#.#.##......###..#.####..#
########.#.##......# #..#.####...
.........#.###.....###..#...#..รท.


You could see 3 gnolls and 3 orcs.

Vanquished Creatures
  2 water moccasins
  An ogre (D:5)
  A bullfrog (Sewer)
  A howler monkey (D:4)
  A jelly (D:4)
  An orc priest (D:5)
  Jessica (D:3)
  Natasha (thrice) (D:2)
  An orc wizard (D:5)
  Robin (D:4)
  6 adders
  10 gnolls
  An ufetubus (D:5)
  3 dart slugs
  An orc (D:3)
  10 ball pythons
  2 endoplasms
  8 giant cockroaches
  11 goblins
  8 hobgoblins
  2 jackals (D:4)
  4 kobolds
  5 quokkas
  4 bats
  5 frilled lizards
  6 rats
99 creatures vanquished.

Vanquished Creatures (collateral kills)
  An adder (Sewer)
  A giant cockroach (Sewer)
2 creatures vanquished.

Grand Total: 101 creatures vanquished

Notes
Turn   | Place    | Note
-------+----------+-------------------------------------------
     0 | D:1      | NinjaNoafa the Gnoll Earth Elementalist began the quest for
                  | the Orb.
     0 | D:1      | Reached XP level 1. HP: 13/13 MP: 6/6
    98 | D:1      | Reached XP level 2. HP: 19/19 MP: 5/7
   269 | D:1      | Learned a level 2 spell: Passwall
   564 | D:2      | Reached skill level 5 in Spellcasting
   564 | D:2      | Reached XP level 3. HP: 25/25 MP: 5/9
   568 | D:2      | Learned a level 3 spell: Stone Arrow
   630 | D:2      | Noticed Natasha
   634 | D:2      | Killed Natasha
   635 | D:2      | Reached skill level 1 in Fighting
   635 | D:2      | Reached skill level 1 in Short Blades
   635 | D:2      | Reached skill level 1 in Long Blades
   635 | D:2      | Reached skill level 1 in Axes
   635 | D:2      | Reached skill level 1 in Maces & Flails
   635 | D:2      | Reached skill level 1 in Polearms
   635 | D:2      | Reached skill level 1 in Staves
   635 | D:2      | Reached skill level 1 in Ranged Weapons
   635 | D:2      | Reached skill level 1 in Throwing
   635 | D:2      | Reached skill level 1 in Armour
   635 | D:2      | Reached skill level 1 in Shields
   635 | D:2      | Reached skill level 1 in Unarmed Combat
   635 | D:2      | Reached skill level 1 in Invocations
   635 | D:2      | Reached skill level 1 in Evocations
   657 | D:2      | Noticed Natasha
   659 | D:2      | Killed Natasha
   660 | D:2      | Reached skill level 1 in Conjurations
   660 | D:2      | Reached skill level 1 in Hexes
   660 | D:2      | Reached skill level 1 in Summonings
   660 | D:2      | Reached skill level 1 in Necromancy
   660 | D:2      | Reached skill level 1 in Translocations
   660 | D:2      | Reached skill level 1 in Fire Magic
   660 | D:2      | Reached skill level 1 in Ice Magic
   660 | D:2      | Reached skill level 1 in Air Magic
   660 | D:2      | Reached skill level 1 in Poison Magic
   660 | D:2      | Reached XP level 4. HP: 32/32 MP: 8/11
   813 | D:2      | Noticed Natasha
   821 | D:2      | Killed Natasha
   822 | D:2      | Reached XP level 5. HP: 37/37 MP: 8/12
  1469 | D:3      | Found a faded altar of an unknown god.
  1481 | D:3      | Noticed Jessica
  1484 | D:3      | Killed Jessica
  1594 | D:3      | Found a glowing golden altar of the Shining One.
  1865 | D:3      | Identified the +7 dagger of Instinct {heavy, Fly rF++ rCorr
                  | Dex-3}
  2154 | D:4      | Found a staircase to the Ecumenical Temple.
  2165 | Temple   | Entered the Ecumenical Temple
  2297 | D:4      | Reached XP level 6. HP: 31/44 MP: 0/14
  2439 | D:4      | Reached skill level 5 in Dodging
  2449 | D:4      | Found a broken altar of Ashenzari.
  2453 | D:4      | Noticed a water moccasin
  2461 | D:4      | Killed a water moccasin
  2732 | D:4      | Noticed Robin
  2739 | D:4      | Killed Robin
  2925 | D:4      | Reached XP level 7. HP: 51/51 MP: 12/15
  2993 | D:4      | Found Rigetioj's Self-Improvement Boutique.
  2996 | D:4      | Learned a level 1 spell: Summon Small Mammal
  3260 | D:5      | Entered Level 5 of the Dungeon
  3428 | D:5      | Found a glowing drain.
  3451 | Sewer    | Entered a sewer
  3489 | Sewer    | Learned a level 2 spell: Ensorcelled Hibernation
  3569 | Sewer    | Reached skill level 5 in Stealth
  4111 | D:5      | Reached skill level 6 in Earth Magic
  4229 | D:5      | Reached XP level 8. HP: 17/58 MP: 8/16
  4231 | D:5      | Slain by a gnoll

Illustrated notes

Levels and vault maps discovered:
D:1:      lemuel_arrival_cross, layout_rooms
D:2:      layout_basic, minmay_crystal_water, uniq_natasha
D:3:      layout_basic, mainiacjoe_overflow_alcove_4,
          shapermc_ecumenical_altar_mp_highgroup, uniq_jessica
D:4:      layout_basic, mainiacjoe_overflow_catwalk,
          minmay_temple_entry_statues, kennysheep_cross_room,
          nicolae_shop_self_help, uniq_robin
D:5:      layout_loops_ring, portal_sewer_entry_f, uniq_crazy_yiuf_cottage
Temple:   dpeg_three_leaves_temple

Skill      XL: |  1  2  3  4  5  6  7 |
---------------+----------------------+-----
Transmutations | 2 3 |  3.2
Spellcasting   | 5 |  5.8
Fighting       | 1 2 3 |  3.0
Short Blades   | 1 2 3 |  3.0
Long Blades    | 1 2 3 |  3.0
Axes           | 1 2 3 |  3.0
Maces & Flails | 1 2 3 |  3.0
Polearms       | 1 2 3 |  3.0
Staves         | 1 2 3 |  3.0
Ranged Weapons | 1 2 3 |  3.0
Throwing       | 1 2 3 |  3.0
Armour         | 1 2 3 |  3.0
Shields        | 1 2 3 |  3.0
Unarmed Combat | 1 2 3 |  3.0
Invocations    | 1 2 3 |  3.2
Evocations     | 1 2 3 |  3.0
Conjurations   | 1 2 |  2.4
Hexes          | 1 2 |  2.4
Summonings     | 1 2 |  2.4
Necromancy     | 1 2 |  2.4
Translocations | 1 2 |  2.4
Fire Magic     | 1 2 |  2.4
Ice Magic      | 1 2 |  2.4
Air Magic      | 1 2 |  2.4
Poison Magic   | 1 2 |  2.4
Dodging        | 5 |  5.5
Stealth        | 5 |  5.2
Earth Magic    | 6 |  6.0

Action                   |  1- 3 |  4- 6 |  7- 9 || total
-------------------------+-------+-------+-------++-------
Melee: Dagger            |       |     6 |     7 ||    13
       Punch             |       |     1 |       ||     1
 Cast: Sandblast         |    26 |    64 |    39 ||   129
       Stone Arrow       |     1 |    10 |     6 ||    17
       Summon Small Mamm |       |       |     4 ||     4
       Ensorcelled Hiber |       |       |     3 ||     3
       Passwall          |       |       |     2 ||     2
  Use: Potion            |       |     1 |     1 ||     2
 Stab: Sleeping          |       |       |     2 ||     2
Armor: Robe              |     1 |     4 |    11 ||    16
Dodge: Dodged            |     1 |    33 |    38 ||    72

Table legend: (Time is in decaauts)
 A = Elapsed time spent in this place.
 B = Non-inter-level travel time spent in this place.
 C = Inter-level travel time spent in this place.
 D = Time resting spent in this place.
 E = Time spent auto-exploring this place.
 F = Levels seen in this place.
 G = Mean time per level.
                   A        B        C        D        E       F      G
               +--------+--------+--------+--------+--------+-----+--------+
         Total |   4298 |   3882 |    416 |     36 |   3064 |   7 |  614.0 |
       Dungeon |   3773 |   3380 |    393 |     36 |   2725 |   5 |  754.6 |
        Temple |     95 |     72 |     23 |      0 |     57 |   1 |   95.0 |
         Sewer |    429 |    429 |      0 |      0 |    282 |   1 |  429.0 |
               +--------+--------+--------+--------+--------+-----+--------+

Top non-repeatable levels by time:
     D:4: 1366 daAuts
     D:3: 840 daAuts
     D:2: 721 daAuts
     D:1: 556 daAuts
   Sewer: 429 daAuts
     D:5: 289 daAuts
  Temple: 95 daAuts
